NCAA
FLORIDA STATE SEMINOLES @ GEORGIA BULLDOGS
04/07/2026
 
TOP OF THE 1ST
Florida State Seminoles batting - Pitching for Georgia Bulldogs : RHP Rafael Castillo
Pitching: RHP Rafael Castillo
Batting: LHB Paul Cotton 0-0: Fly out, F8 (Flyball, 8RM)
Batting: RHB Adam Davis 0-0: Ball
1-0: Called Strike
1-1: Ball
2-1: Foul Ball, location: 2F
2-2: Ball
3-2: Base on Balls
Batting: LHB Randy Wiggins 0-0: Called Strike
0-1: Foul Ball, location: 2F
0-2: Ball
1-2: 2-RUN HOME RUN (Flyball, 9LD), Distance : 338 ft
Batting: RHB Art Cameron 0-0: Ball
1-0: SINGLE (Popup, 3D)
Batting: RHB Rubén Hernández 0-0: Foul Ball, location: 2F
0-1: Ball
1-1: Called Strike
Art Cameron steals 2nd base
1-2: Strikes out swinging
Batting: RHB Aaron Duncan 0-0: Called Strike
0-1: Called Strike
0-2: Strikes out swinging
Top of the 1st over - 2 run(s), 2 hit(s), 0 error(s), 1 left on base; Florida State 2 - Georgia 0
BOTTOM OF THE 1ST
Georgia Bulldogs batting - Pitching for Florida State Seminoles : RHP Mike Moyer
Pitching: RHP Mike Moyer
Batting: LHB Sandro Márquez 0-0: Ball
1-0: Foul Ball, location: 2F
1-1: Swinging Strike
1-2: Foul Ball, location: 2F
1-2: Ball
2-2: Ball
3-2: Strikes out swinging
Batting: LHB Merrill Erickson 0-0: Ground out 1-3 (Groundball, 15)
Batting: RHB Juan Estrada 0-0: Called Strike
0-1: Foul Ball, location: 2F
0-2: Strikes out swinging
Bottom of the 1st over - 0 run(s), 0 hit(s), 0 error(s), 0 left on base; Florida State 2 - Georgia 0
TOP OF THE 2ND
Florida State Seminoles batting - Pitching for Georgia Bulldogs : RHP Rafael Castillo
Batting: LHB Kevin Curtis 0-0: DOUBLE (Line Drive, 9LM)
Batting: RHB John Newman 0-0: Swinging Strike
0-1: Ball
1-1: Foul Ball, location: 2F
1-2: Ball
Wild Pitch!
Kevin Curtis to third
2-2: Ball
3-2: Strikes out swinging
Batting: LHB Allan Bates 0-0: Called Strike
0-1: Foul Ball, location: 2F
Single, Error in OF, E7, batter to second base
Kevin Curtis scores
Batting: LHB Paul Cotton 0-0: Ball
1-0: Ball
2-0: Foul Ball, location: 2F
2-1: Fly out, F7 (Flyball, 7M)
Batting: RHB Adam Davis 0-0: SINGLE (Line Drive, 78S)
Allan Bates to third
Batting: LHB Randy Wiggins 0-0: Called Strike
0-1: Ball
1-1: Foul Ball, location: 2F
1-2: Ball
2-2: Ball
3-2: Base on Balls
Adam Davis to second
Batting: RHB Art Cameron 0-0: Called Strike
0-1: Ball
1-1: Ball
2-1: Swinging Strike
2-2: Strikes out swinging
Top of the 2nd over - 1 run(s), 3 hit(s), 1 error(s), 3 left on base; Florida State 3 - Georgia 0
BOTTOM OF THE 2ND
Georgia Bulldogs batting - Pitching for Florida State Seminoles : RHP Mike Moyer
Batting: RHB Tom Stoltz 0-0: Ball
1-0: Called Strike
1-1: Ball
2-1: Foul Ball, location: 2F
2-2: SINGLE (Line Drive, 89S)
Batting: LHB Mike White 0-0: Ball
1-0: Ball
2-0: Ball
3-0: Base on Balls
Tom Stoltz to second
Batting: RHB Michael Stevenson 0-0: Ball
1-0: Ground out 4-3 (Groundball, 4M)
Tom Stoltz to third
Mike White to second
Batting: SHB Jean-François St-Amant 0-0: Ball
1-0: Ball
2-0: Ball
3-0: Base on Balls
Batting: RHB Mario Barker 0-0: Called Strike
0-1: Ball
1-1: Ball
2-1: Foul Ball, location: 2F
2-2: Ball
3-2: Base on Balls
Tom Stoltz scores
Mike White to third
Jean-François St-Amant to second
Batting: LHB Artie Connor 0-0: Called Strike
0-1: Ball
1-1: Ball
2-1: SINGLE (Groundball, 34D)
Mike White scores
Jean-François St-Amant to third
Mario Barker to second
Runner from 3rd tries for Home, SAFE, no throw or cutoff
Batting: LHB Sandro Márquez 0-0: Called Strike
0-1: Called Strike
0-2: Ball
1-2: Ball
2-2: Ball
3-2: Fielders Choice at 2nd, 3-6 (Groundball, 3)
Mario Barker to third
Batting: LHB Merrill Erickson 0-0: Foul Ball, location: 2F
0-1: Fly out, F3 (Line Drive, 3)
Bottom of the 2nd over - 3 run(s), 2 hit(s), 0 error(s), 2 left on base; Florida State 3 - Georgia 3
TOP OF THE 3RD
Florida State Seminoles batting - Pitching for Georgia Bulldogs : RHP Rafael Castillo
Batting: RHB Rubén Hernández 0-0: Ball
1-0: Ball
2-0: Called Strike
2-1: Foul Ball, location: 2F
2-2: Ball
3-2: Strikes out swinging
Batting: RHB Aaron Duncan 0-0: Ball
1-0: Foul Ball, location: 2F
1-1: Swinging Strike
1-2: Foul Ball, location: 2F
1-2: Fly out, F8 (Flyball, 8LM)
Batting: LHB Kevin Curtis 0-0: SOLO HOME RUN (Flyball, 9LD), Distance : 325 ft
Batting: RHB John Newman 0-0: Called Strike
0-1: Foul Ball, location: 2F
0-2: Fly out, F6 (Line Drive, 6M)
Top of the 3rd over - 1 run(s), 1 hit(s), 0 error(s), 0 left on base; Florida State 4 - Georgia 3
BOTTOM OF THE 3RD
Georgia Bulldogs batting - Pitching for Florida State Seminoles : RHP Mike Moyer
Batting: RHB Juan Estrada 0-0: Ball
1-0: Called Strike
1-1: Ball
2-1: DOUBLE (Line Drive, 78S)
Batting: RHB Tom Stoltz 0-0: Fly out, F7 (Flyball, 78D)
Batting: LHB Mike White 0-0: Called Strike
0-1: Ground out 4-3 (Groundball, 4)
Juan Estrada to third
Batting: RHB Michael Stevenson 0-0: Ball
1-0: SINGLE (Groundball, 4MD)
Juan Estrada scores
Batting: SHB Jean-François St-Amant 0-0: Called Strike
0-1: Ground out U3 (Groundball, 3)
Bottom of the 3rd over - 1 run(s), 2 hit(s), 0 error(s), 1 left on base; Florida State 4 - Georgia 4
TOP OF THE 4TH
Florida State Seminoles batting - Pitching for Georgia Bulldogs : RHP Rafael Castillo
Batting: LHB Allan Bates 0-0: Foul Ball, location: 2F
0-1: Foul Ball, location: 2F
0-2: Ground out 4-3 (Groundball, 4)
Batting: LHB Paul Cotton 0-0: SINGLE (Line Drive, 4D)
Batting: RHB Adam Davis 0-0: SINGLE (Flyball, 78M)
Paul Cotton to second
Batting: LHB Randy Wiggins 0-0: Swinging Strike
0-1: SINGLE (Line Drive, 6MD)
Paul Cotton to third
Adam Davis to second
Runner from 3rd tries for Home, SAFE, throw made home
Adam Davis to third
Randy Wiggins to second
Batting: RHB Art Cameron 0-0: Foul Ball, location: 2F
0-1: Fly out, F8 (Flyball, 8RM)
Runner from 3rd tags up, SCORES, throw made
Batting: RHB Rubén Hernández 0-0: Ball
1-0: Swinging Strike
1-1: Ball
2-1: Called Strike
2-2: Strikes out swinging
Top of the 4th over - 2 run(s), 3 hit(s), 0 error(s), 1 left on base; Florida State 6 - Georgia 4
BOTTOM OF THE 4TH
Georgia Bulldogs batting - Pitching for Florida State Seminoles : RHP Mike Moyer
Batting: RHB Mario Barker 0-0: Called Strike
0-1: SINGLE (Groundball, 56D)
Batting: LHB Artie Connor 0-0: Ball
1-0: Ball
2-0: Called Strike
2-1: Ball
3-1: Base on Balls
Mario Barker to second
Batting: LHB Sandro Márquez 0-0: Ground out 4-3 (Groundball, 4M)
Mario Barker to third
Artie Connor to second
Batting: LHB Merrill Erickson 0-0: Foul Ball, location: 2F
0-1: Fly out, F7 (Flyball, 7M)
Runner from 3rd tags up, SCORES, no throw
Batting: RHB Juan Estrada 0-0: Swinging Strike
0-1: Ground out 6-3 (Groundball, 6)
Bottom of the 4th over - 1 run(s), 1 hit(s), 0 error(s), 1 left on base; Florida State 6 - Georgia 5
TOP OF THE 5TH
Florida State Seminoles batting - Pitching for Georgia Bulldogs : RHP Rafael Castillo
Batting: RHB Aaron Duncan 0-0: Called Strike
0-1: Ball
1-1: Ball
2-1: Fly out, F5 (Line Drive, 56)
Batting: LHB Kevin Curtis 0-0: Swinging Strike
0-1: Ball
1-1: Swinging Strike
1-2: Strikes out swinging
Batting: RHB John Newman 0-0: Ball
1-0: Called Strike
1-1: Fly out, F4 (Popup, 3DF)
Top of the 5th over - 0 run(s), 0 hit(s), 0 error(s), 0 left on base; Florida State 6 - Georgia 5
BOTTOM OF THE 5TH
Georgia Bulldogs batting - Pitching for Florida State Seminoles : RHP Mike Moyer
Batting: RHB Tom Stoltz 0-0: Called Strike
0-1: Foul Ball, location: 2F
0-2: Ball
1-2: Ball
2-2: Strikes out swinging
Batting: LHB Mike White 0-0: Ball
1-0: Ball
2-0: Foul Ball, location: 2F
2-1: SINGLE (Groundball, 5D)
Batting: RHB Michael Stevenson 0-0: Ball
1-0: Swinging Strike
1-1: Called Strike
Mike White steals 2nd base
1-2: Ground out 6-3 (Groundball, 6)
Pitching: LHP Bill Klug
Batting: SHB Jean-François St-Amant 0-0: Foul Ball, location: 2F
0-1: Foul Ball, location: 2F
0-2: Ball
1-2: Strikes out swinging
Bottom of the 5th over - 0 run(s), 1 hit(s), 0 error(s), 1 left on base; Florida State 6 - Georgia 5
TOP OF THE 6TH
Florida State Seminoles batting - Pitching for Georgia Bulldogs : RHP Rafael Castillo
Pitching: LHP Bartolo Medina
Batting: LHB Allan Bates 0-0: Ball
1-0: Foul Ball, location: 2F
1-1: Ground out 4-3 (Groundball, 4)
Batting: LHB Paul Cotton 0-0: Foul Ball, location: 2F
0-1: Foul Ball, location: 2F
0-2: Ball
1-2: Ball
2-2: Ball
3-2: Fly out, F9 (Line Drive, 9M)
Batting: RHB Adam Davis 0-0: Foul Ball, location: 2F
0-1: SINGLE (Line Drive, 56)
Batting: LHB Randy Wiggins 0-0: Ball
1-0: Foul Ball, location: 2F
1-1: Ball
2-1: Ball
3-1: Foul Ball, location: 2F
3-2: Base on Balls
Adam Davis to second
Batting: RHB Art Cameron 0-0: Called Strike
0-1: Ball
1-1: Reached on Error, E7 (Flyball, 78M)
Adam Davis scores
Randy Wiggins to third
Batting: RHB Rubén Hernández 0-0: Ball
1-0: Ball
2-0: Called Strike
2-1: Fly out, F6 (Popup, 6M)
Top of the 6th over - 1 run(s), 1 hit(s), 1 error(s), 2 left on base; Florida State 7 - Georgia 5
BOTTOM OF THE 6TH
Georgia Bulldogs batting - Pitching for Florida State Seminoles : LHP Bill Klug
Batting: RHB Mario Barker 0-0: Swinging Strike
0-1: Ball
1-1: Called Strike
1-2: Ball
2-2: Foul Ball, location: 2F
2-2: Ball
3-2: Base on Balls
Batting: LHB Artie Connor 0-0: Called Strike
0-1: Ball
1-1: Ball
2-1: Fly out, F9 (Flyball, 89M)
Batting: LHB Sandro Márquez 0-0: Ball
1-0: Called Strike
1-1: Foul Ball, location: 2F
1-2: Foul Ball, location: 2F
1-2: Foul Ball, location: 2F
1-2: SINGLE (Line Drive, 6MD)
Mario Barker to second
Batting: LHB Merrill Erickson 0-0: Swinging Strike
0-1: Fly out, F9 (Line Drive, 89S)
Batting: RHB Juan Estrada 0-0: Ball
1-0: Called Strike
1-1: Ball
2-1: Ball
3-1: Called Strike
3-2: Ground out U3 (Groundball, 3)
Bottom of the 6th over - 0 run(s), 1 hit(s), 0 error(s), 2 left on base; Florida State 7 - Georgia 5
TOP OF THE 7TH
Florida State Seminoles batting - Pitching for Georgia Bulldogs : LHP Bartolo Medina
Batting: RHB Aaron Duncan 0-0: Ball
1-0: Fly out, F8 (Flyball, 8RM)
Batting: LHB Kevin Curtis 0-0: Foul Ball, location: 2F
0-1: Swinging Strike
0-2: Foul Ball, location: 2F
0-2: Strikes out swinging
Batting: RHB John Newman 0-0: Ball
1-0: Called Strike
1-1: Called Strike
1-2: Ball
2-2: Ground out 6-3 (Groundball, 6)
Top of the 7th over - 0 run(s), 0 hit(s), 0 error(s), 0 left on base; Florida State 7 - Georgia 5
BOTTOM OF THE 7TH
Georgia Bulldogs batting - Pitching for Florida State Seminoles : LHP Bill Klug
Batting: RHB Tom Stoltz 0-0: Ball
1-0: Ball
2-0: Ball
3-0: Base on Balls
Batting: LHB Mike White 0-0: Called Strike
0-1: Foul Ball, location: 2F
0-2: Ground out 5-3 (Groundball, 5S)
Tom Stoltz to second
Batting: RHB Michael Stevenson 0-0: Called Strike
0-1: SINGLE (Line Drive, 9S)
Tom Stoltz to third
Batting: SHB Jean-François St-Amant 0-0: Foul Ball, location: 2F
0-1: Grounds into double play, U4-3 (Groundball, 4)
Bottom of the 7th over - 0 run(s), 1 hit(s), 0 error(s), 1 left on base; Florida State 7 - Georgia 5
TOP OF THE 8TH
Florida State Seminoles batting - Pitching for Georgia Bulldogs : LHP Bartolo Medina
Batting: LHB Allan Bates 0-0: Called Strike
0-1: Fly out, F2 (Popup, 2LF)
Batting: LHB Paul Cotton 0-0: Ball
1-0: Ball
2-0: Fly out, F6 (Popup, 6)
Batting: RHB Adam Davis 0-0: Foul Ball, location: 2F
0-1: Fly out, F9 (Flyball, 9M)
Top of the 8th over - 0 run(s), 0 hit(s), 0 error(s), 0 left on base; Florida State 7 - Georgia 5
BOTTOM OF THE 8TH
Georgia Bulldogs batting - Pitching for Florida State Seminoles : LHP Bill Klug
Pitching: RHP Sergio Márquez
Now in LF: George Wagner
Batting: RHB Mario Barker 0-0: Called Strike
0-1: Foul Ball, location: 2F
0-2: SINGLE (Line Drive, 9LM)
Pitching: LHP Juan Morán
Batting: LHB Artie Connor 0-0: Called Strike
0-1: Ball
1-1: Ball
2-1: SINGLE (Groundball, 34D)
Mario Barker to second
Runner from 2nd tries for 3rd, SAFE, no throw or cutoff
Batting: LHB Sandro Márquez 0-0: Fly out, F7 (Flyball, 78M)
Runner from 3rd tags up, SCORES, no throw
Batting: LHB Merrill Erickson 0-0: Foul Ball, location: 2F
0-1: Ball
1-1: SINGLE (Flyball, 78S)
Artie Connor to second
Pitching: RHP John Jensen
Batting: RHB Juan Estrada 0-0: Fly out, F9 (Flyball, 9M)
Batting: RHB Tom Stoltz 0-0: Swinging Strike
0-1: Fly out, F9 (Flyball, 89S)
Bottom of the 8th over - 1 run(s), 3 hit(s), 0 error(s), 2 left on base; Florida State 7 - Georgia 6
TOP OF THE 9TH
Florida State Seminoles batting - Pitching for Georgia Bulldogs : LHP Bartolo Medina
Batting: LHB Randy Wiggins 0-0: SINGLE (Flyball, 78S)
Batting: RHB Art Cameron 0-0: Ball
1-0: DOUBLE (Line Drive, 3L)
Randy Wiggins to third
Pitching: RHP Jon Glass
Batting: RHB Rubén Hernández 0-0: Intentional Walk
Batting: RHB Aaron Duncan 0-0: Ball
1-0: Called Strike
1-1: Ball
2-1: Called Strike
2-2: Fly out, F8 (Flyball, 8RM)
Runner from 3rd tags up, SCORES, no throw
Batting: LHB Kevin Curtis 0-0: Fly out, F7 (Line Drive, 7S)
Batting: RHB John Newman 0-0: Ball
1-0: Foul Ball, location: 2F
1-1: Ball
2-1: Ball
3-1: Swinging Strike
3-2: Strikes out swinging
Top of the 9th over - 1 run(s), 2 hit(s), 0 error(s), 2 left on base; Florida State 8 - Georgia 6
BOTTOM OF THE 9TH
Georgia Bulldogs batting - Pitching for Florida State Seminoles : RHP John Jensen
Pitching: LHP Jeffery Mitchell
Now at C: Eugene Fisher
Batting: LHB Mike White 0-0: Foul Ball, location: 2F
0-1: Ball
1-1: Ball
2-1: Called Strike
2-2: Ball
3-2: Base on Balls
Batting: RHB Michael Stevenson 0-0: Grounds into double play, 1-4-3 (Groundball, 13)
Batting: SHB Jean-François St-Amant 0-0: Ball
1-0: Ball
2-0: Ball
3-0: Called Strike
3-1: Swinging Strike
3-2: Strikes out looking
Bottom of the 9th over - 0 run(s), 0 hit(s), 0 error(s), 0 left on base; Florida State 8 - Georgia 6
Monday, December 5th, 2016 - OOTP Baseball 17.12 Build 75